 Dungeon Crawl Stone Soup version 0.31-a0-978-g1e143483b6 (webtiles) character file.

Game seed: 7404492030175004301

8300 lessens the Nimble (level 11, -1/86 HPs)
             Began as a Gnoll Gladiator on Oct 30, 2023.
             Was an Initiate of Gozag.
             Slain by a skeletal warrior
             ... wielding a +0 flail
              (13 damage)
             ... on level 9 of the Dungeon.
             The game lasted 00:15:10 (11041 turns).

lessens the Nimble (Gnoll Gladiator)               Turns: 11041, Time: 00:15:10

Health: -1/86      AC: 14    Str: 18    XL:     11   Next: 28%
Magic:  20/20      EV: 11    Int:  7    God:    Gozag
Gold:   941        SH:  0    Dex: 14    Spells: 22/22 levels left

rFire   . . .        X - +4 battleaxe
rCold   . . .        (shield currently unavailable)
rNeg    . . .        E - +0 chain mail
rPois   .            c - +0 helmet
rElec   .            l - +0 cloak
rCorr   .            p - +0 pair of gloves
SInv    +            (no boots)
Will    +....        (no amulet)
Stlth   +            H - ring of see invisible
HPRegen 0.34/turn    G - ring of willpower
MPRegen 0.17/turn

%: no passive effects
@: no status effects
A: fangs 1, strong nose, distributed training
a: Renounce Religion, Potion Petition, Call Merchant, Bribe Branch


You were on level 9 of the Dungeon.
You worshipped Gozag.
Gozag was pleased with you.
You visited 1 branch of the dungeon, and saw 9 of its levels.

You collected 1029 gold pieces.
You paid 88 gold pieces to Gozag.

Inventory:

Hand Weapons
 a - the +7 short sword of the Hidden Vale {pain, rF+ rC+}
   (You found it on level 3 of the Dungeon)

   rF+:       It protects you from fire.
   rC+:       It protects you from cold.
 b - a +0 dagger of venom
 L - a +0 lajatang
 N - a +5 morningstar
 X - a +4 battleaxe (weapon)
Missiles
 d - a throwing net
 f - 102 stones
 h - 6 datura-tipped darts
 y - a boomerang (quivered)
 I - 8 poisoned darts
 W - a javelin
Armour
 c - a +0 helmet (worn)
 e - a +2 robe of resistance
 l - a +0 cloak (worn)
 n - a +0 ring mail
 p - a +0 pair of gloves (worn)
 w - a +0 scale mail
 A - a +0 leather armour
 E - a +0 chain mail (worn)
Jewellery
 s - a ring of protection from cold
 G - a ring of willpower (right hand)
 H - a ring of see invisible (left hand)
 O - a ring of wizardry
 V - a +4 ring of slaying
Wands
 z - a wand of flame (73)
 B - a wand of paralysis (7)
Scrolls
 g - 2 scrolls of noise
 i - a scroll of vulnerability
 j - 2 scrolls of teleportation
 q - 2 scrolls of immolation
 t - 3 scrolls of blinking
 u - a scroll of identify
 D - a scroll of acquirement {unknown}
 P - a scroll of amnesia {unknown}
 Q - a scroll of revelation {unknown}
 R - a scroll of fear {unknown}
 T - a scroll of fog {unknown}
Potions
 k - 4 potions of curing
 m - 2 potions of enlightenment
 o - 4 potions of lignification
 r - 3 potions of haste
 x - 5 potions of brilliance {unknown}
 C - a potion of mutation {unknown}
 J - 3 potions of heal wounds
 S - a potion of cancellation {unknown}
 U - a potion of resistance {unknown}


   Skills:
 + Level 7.8 Fighting
 + Level 6.2 Short Blades
 + Level 6.2 Long Blades
 + Level 9.1 Axes
 + Level 6.2 Maces & Flails
 + Level 6.2 Polearms
 + Level 6.2 Staves
 + Level 6.2 Ranged Weapons
 + Level 7.8 Throwing
 + Level 6.2 Armour
 + Level 9.1 Dodging
 + Level 6.2 Stealth
 + Level 6.2 Shields
 + Level 6.2 Unarmed Combat
 + Level 6.2 Spellcasting
 + Level 5.2 Conjurations
 + Level 5.2 Hexes
 + Level 5.2 Summonings
 + Level 5.2 Necromancy
 + Level 5.2 Translocations
 + Level 5.2 Transmutations
 + Level 5.2 Fire Magic
 + Level 5.2 Ice Magic
 + Level 5.2 Air Magic
 + Level 5.2 Earth Magic
 + Level 5.2 Poison Magic
 + Level 6.9 Invocations
 + Level 6.2 Evocations
 + Level 5.7 Shapeshifting


You had 22 spell levels left.
You didn't know any spells.
Your spell library contained the following spells:

 Spells                   Type           Power      Damage    Failure   Level
 Summon Small Mammal      Summ           36%        N/A       22%         1
 Cigotuvi's Dreadful Rot  Necr/Pois/Air  18%        N/A       34%         2
 Call Canine Familiar     Summ           9%         N/A       56%         3
 Ignite Poison            Fire/Tmut/Pois 9%         N/A       56%         3
 Summon Guardian Golem    Hex/Summ       9%         N/A       56%         3
 Summon Ice Beast         Ice/Summ       9%         N/A       92%         4
 Freezing Cloud           Conj/Ice/Air   4%         6-21      99%         5
 Summon Mana Viper        Hex/Summ       9%         N/A       99%         5
 Monstrous Menagerie      Summ           4%         N/A       100%        7
 Chain Lightning          Conj/Air       4%         3d6       100%        9
 Fire Storm               Conj/Fire      4%         8d1       100%        9
 Shatter                  Erth           4%         3d8*      100%        9


Dungeon Overview and Level Annotations

Branches:
Dungeon (9/15) Zot: 24775  Temple (0/1) D:6
   Lair: D:8-11         Orc: D:9-12

Altars:
Elyvilon
Gozag
Makhleb
Nemelex Xobeh
Okawaru
Sif Muna
Vehumet
Zin
The Shining One


Innate Abilities, Weirdness & Mutations

You have very sharp teeth.
Your uncanny sense of smell can sniff out nearby items.
Your experience applies equally to all skills.


Message History

The helpless troll fails to defend itself.
You impale the troll!!
You kill the troll!
The troll's shape twists and changes as it dies.
Aiming: Paralyse
Press: ? - help, Shift-Dir - straight line
Okay, then.
Unknown command.
X - a +4 battleaxe (weapon)
The skeletal warrior hits you with a +0 flail!!
You closely miss the skeletal warrior.
The skeletal warrior hits you with a +0 flail.
You barely miss the skeletal warrior.
The skeletal warrior hits you but does no damage.
You hit the skeletal warrior but do no damage.
The skeletal warrior hits you with a +0 flail.
You hit the skeletal warrior but do no damage.
You feel your willpower return.
The skeletal warrior hits you with a +0 flail.
You hit the skeletal warrior but do no damage.
The skeletal warrior closely misses you.
The skeletal warrior is distracted by your dazzling golden aura.
You hit the skeletal warrior.
The skeletal warrior is no longer distracted by gold.
The skeletal warrior is lightly damaged.
The skeletal warrior hits you with a +0 flail.
You barely miss the skeletal warrior.
The skeletal warrior is lightly damaged.
The skeletal warrior hits you with a +0 flail!
You hit the skeletal warrior but do no damage.
You bite the skeletal warrior, but do no damage.
The skeletal warrior is lightly damaged.
The skeletal warrior hits you with a +0 flail!!
* * * LOW HITPOINT WARNING * * *
You barely miss the skeletal warrior. Your bite misses the skeletal warrior.
The skeletal warrior is lightly damaged.
The skeletal warrior barely misses you.
The skeletal warrior hits you with a +0 flail!
You die...
Your body crumbles into a pile of gold.

##..##.# #..##.#
.W #...##....# .
. z....#....# ..
.....##..## ...
# ...?.p#..#
.... ##.
......##.# .....
...
.....z.#.#......
...
.....l$#@.......
##### #z.#######
.....
............#
#....
......#...### .
......#...#
..... #...#
..... #..## #
.... #..# # ....
#...


You could see a skeletal warrior.

Vanquished Creatures
  A fire dragon (D:9)
  A hydra (D:9)
  Joseph (D:8)
  A troll (shapeshifter) (D:9)
  A troll (D:7)
  A hornet (D:8)
  Prince Ribbit (D:5)
  Grinder (D:5)
  2 wyverns (D:9)
  Sigmund (D:3)
  A shadow (D:9)
  Eustachio (D:4)
  A basilisk (D:9)
  4 yaks (D:8)
  Menkaure (D:4)
  Edmund (D:4)
  An acid dragon (D:8)
  3 water moccasins
  An ice beast (D:7)
  5 orc warriors
  A sky beast (D:8)
  3 ogres
  3 black bears
  2 phantoms (D:7)
  Blork the orc (D:5)
  2 kobold brigands
  4 bullfrogs
  A gnoll sergeant (D:8)
  3 scorpions
  15 wights
  2 gnoll boudas (D:5)
  3 orc priests
  A jelly (D:4)
  Crazy Yiuf (D:5)
  A hound (D:5)
  2 iguanas (D:6)
  Ijyb (D:4)
  6 orc wizards
  8 gnolls
  10 adders
  3 shadow imps
  2 white imps
  A worm (D:4)
  4 dart slugs
  30 orcs
  4 ball pythons
  3 endoplasms
  A giant cockroach (D:2)
  7 goblins
  10 hobgoblins
  4 jackals
  A quokka (D:4)
  3 bats (D:1)
  3 frilled lizards
  12 kobolds
  4 rats
192 creatures vanquished.

Notes
Turn   | Place    | Note
-------+----------+-------------------------------------------
     0 | D:1      | lessens the Gnoll Gladiator began the quest for the Orb.
     0 | D:1      | Reached XP level 1. HP: 20/20 MP: 1/1
   166 | D:1      | Reached XP level 2. HP: 26/26 MP: 2/2
   696 | D:2      | Reached XP level 3. HP: 31/31 MP: 3/3
   838 | D:2      | Identified the +0 leather armour "Kootagh" {+Inv rN+ Int+4
                  | Dex+2}
   904 | D:2      | Reached skill level 1 in Invocations
   958 | D:2      | Noticed an ogre
   973 | D:2      | Killed an ogre
   974 | D:2      | Reached skill level 1 in Short Blades
   974 | D:2      | Reached skill level 1 in Long Blades
   974 | D:2      | Reached skill level 1 in Maces & Flails
   974 | D:2      | Reached skill level 1 in Polearms
   974 | D:2      | Reached skill level 1 in Staves
   974 | D:2      | Reached skill level 1 in Ranged Weapons
   974 | D:2      | Reached skill level 1 in Armour
   974 | D:2      | Reached skill level 1 in Stealth
   974 | D:2      | Reached skill level 1 in Shields
   974 | D:2      | Reached skill level 1 in Unarmed Combat
   974 | D:2      | Reached skill level 1 in Spellcasting
   974 | D:2      | Reached skill level 1 in Conjurations
   974 | D:2      | Reached skill level 1 in Hexes
   974 | D:2      | Reached skill level 1 in Summonings
   974 | D:2      | Reached skill level 1 in Necromancy
   974 | D:2      | Reached skill level 1 in Translocations
   974 | D:2      | Reached skill level 1 in Transmutations
   974 | D:2      | Reached skill level 1 in Fire Magic
   974 | D:2      | Reached skill level 1 in Ice Magic
   974 | D:2      | Reached skill level 1 in Air Magic
   974 | D:2      | Reached skill level 1 in Earth Magic
   974 | D:2      | Reached skill level 1 in Poison Magic
   974 | D:2      | Reached skill level 1 in Evocations
   974 | D:2      | Reached skill level 1 in Shapeshifting
   974 | D:2      | Reached XP level 4. HP: 13/38 MP: 4/6
   974 | D:2      | Reached XP level 5. HP: 14/43 MP: 4/7
  1350 | D:2      | Found a faded altar of an unknown god.
  2018 | D:3      | Noticed Sigmund
  2029 | D:3      | Killed Sigmund
  2030 | D:3      | Reached skill level 5 in Fighting
  2030 | D:3      | Reached skill level 5 in Throwing
  2030 | D:3      | Reached XP level 6. HP: 46/51 MP: 7/9
  2163 | D:3      | Identified the +7 short sword of the Hidden Vale {pain, rF+
                  | rC+}
  2925 | D:4      | Reached XP level 7. HP: 54/56 MP: 10/10
  3354 | D:4      | Noticed Ijyb
  3358 | D:4      | Paralysed by Ijyb for 5 turns
  3372 | D:4      | Killed Ijyb
  3574 | D:4      | Noticed Eustachio
  3592 | D:4      | Killed Eustachio
  3660 | D:4      | Noticed Menkaure
  3670 | D:4      | Killed Menkaure
  3961 | D:4      | Noticed Edmund
  3982 | D:4      | Killed Edmund
  3983 | D:4      | Reached XP level 8. HP: 15/63 MP: 12/12
  4448 | D:5      | Entered Level 5 of the Dungeon
  4451 | D:5      | Noticed Grinder
  4460 | D:5      | Killed Grinder
  4799 | D:5      | Found a glowing golden altar of the Shining One.
  4799 | D:5      | Found a white marble altar of Elyvilon.
  4799 | D:5      | Found a glowing silver altar of Zin.
  4958 | D:5      | Noticed Prince Ribbit
  4976 | D:5      | Killed Prince Ribbit
  5152 | D:5      | Reached XP level 9. HP: 61/69 MP: 14/14
  5581 | D:5      | Identified the +0 scale mail "Debinod" {rC++ rN+ Str-2}
  5886 | D:5      | Found a runed translucent door.
  5887 | D:5      | Noticed Crazy Yiuf
  5896 | D:5      | Killed Crazy Yiuf
  6000 | D:6      | Found an opulent altar of Gozag.
  6006 | D:6      | Became a worshipper of Gozag Ym Sagoz the Greedy
  6238 | D:6      | Noticed Blork the orc
  6261 | D:5      | Killed Blork the orc
  6539 | D:6      | Found a staircase to the Ecumenical Temple.
  6592 | D:6      | Reached skill level 5 in Invocations
  6790 | D:6      | Found a radiant altar of Vehumet.
  6920 | D:6      | Found a shimmering blue altar of Sif Muna.
  7174 | D:6      | Found a burning altar of Makhleb.
  7315 | D:7      | Found a sparkling altar of Nemelex Xobeh.
  7372 | D:7      | Noticed a troll
  7390 | D:7      | Killed a troll
  7403 | D:7      | Reached XP level 10. HP: 14/77 MP: 17/17
  7638 | D:7      | Reached skill level 5 in Short Blades
  7638 | D:7      | Reached skill level 5 in Long Blades
  7638 | D:7      | Reached skill level 5 in Maces & Flails
  7638 | D:7      | Reached skill level 5 in Polearms
  7638 | D:7      | Reached skill level 5 in Staves
  7638 | D:7      | Reached skill level 5 in Ranged Weapons
  7638 | D:7      | Reached skill level 5 in Armour
  7638 | D:7      | Reached skill level 5 in Stealth
  7638 | D:7      | Reached skill level 5 in Shields
  7638 | D:7      | Reached skill level 5 in Unarmed Combat
  7638 | D:7      | Reached skill level 5 in Spellcasting
  7638 | D:7      | Reached skill level 5 in Evocations
  8716 | D:8      | Noticed Joseph
  8992 | D:8      | Killed Joseph
  9228 | D:8      | Reached skill level 5 in Shapeshifting
 10098 | D:8      | Found an iron altar of Okawaru.
 10788 | D:9      | Noticed a six-headed hydra
 10792 | D:9      | Noticed a centaur warrior
 10969 | D:9      | Reached XP level 11. HP: 84/84 MP: 19/19
 10988 | D:9      | Noticed a fire dragon
 10992 | D:9      | Identified the ring of Yendor {rF++ rN+ Int+3}
 10999 | D:9      | Killed a six-headed hydra
 11000 | D:9      | Reached skill level 5 in Conjurations
 11000 | D:9      | Reached skill level 5 in Hexes
 11000 | D:9      | Reached skill level 5 in Summonings
 11000 | D:9      | Reached skill level 5 in Necromancy
 11000 | D:9      | Reached skill level 5 in Translocations
 11000 | D:9      | Reached skill level 5 in Transmutations
 11000 | D:9      | Reached skill level 5 in Fire Magic
 11000 | D:9      | Reached skill level 5 in Ice Magic
 11000 | D:9      | Reached skill level 5 in Air Magic
 11000 | D:9      | Reached skill level 5 in Earth Magic
 11000 | D:9      | Reached skill level 5 in Poison Magic
 11003 | D:9      | Killed a fire dragon
 11007 | D:9      | Identified the ring of the Blushing Hero {EV+5 SInv}
 11007 | D:9      | Noticed a skeletal warrior
 11041 | D:9      | Slain by a skeletal warrior

Illustrated notes

Levels and vault maps discovered:
D:1:      psy_arrival_radial01, layout_rooms
D:2:      layout_basic, chequers_ecumenical_altar_island,
          minmay_indecisive_spiral
D:3:      layout_rooms, hangedman_decor_points, st_stairs_5, uniq_sigmund
D:4:      layout_basic, uniq_ijyb, uniq_edmund, uniq_eustachio, uniq_menkaure
D:5:      layout_loops_cross, dreamdust_divine_triumvirate,
          nicolae_grassy_gnolls, uniq_prince_ribbit1, uniq_grinder,
          uniq_crazy_yiuf_cottage
D:6:      layout_basic, nicolae_gozag_cash_rules_everything_around_me,
          marbit_many_paths, vehumet_crystals, kennysheep_little_box,
          minmay_temple_entry_stoned_glass, sword_in_stone
D:7:      layout_loops_cross, nemelex_spade_bored_becter
D:8:      layout_loops_ring, okawaru_altar_gauntlet_db, uniq_joseph
D:9:      minmay_the_grid_triangle_9x9_recursive_2_mashed
          [minmay_the_grid_triangle_9x9_prize_special,
          minmay_the_grid_triangle_9x9_pentomino_pain,
          minmay_the_grid_triangle_9x9_empty,
          minmay_the_grid_triangle_9x9_cache], layout_stronghold,
          chequers_temple_overflow_minitemple, orc_0_dummy, serial_shops, shop,
          nicolae_the_louvre, uniq_harold

Skill      XL: |  1  2  3  4  5  6  7  8  9 10 11 |
---------------+----------------------------------+-----
Invocations    | 1 2 3 4 5 6 |  6.9
Short Blades   | 1 2 3 4 5 6 |  6.2
Long Blades    | 1 2 3 4 5 6 |  6.2
Maces & Flails | 1 2 3 4 5 6 |  6.2
Polearms       | 1 2 3 4 5 6 |  6.2
Staves         | 1 2 3 4 5 6 |  6.2
Ranged Weapons | 1 2 3 4 5 6 |  6.2
Armour         | 1 2 3 4 5 6 |  6.2
Stealth        | 1 2 3 4 5 6 |  6.2
Shields        | 1 2 3 4 5 6 |  6.2
Unarmed Combat | 1 2 3 4 5 6 |  6.2
Spellcasting   | 1 2 3 4 5 6 |  6.2
Conjurations   | 1 2 3 4 5 |  5.2
Hexes          | 1 2 3 4 5 |  5.2
Summonings     | 1 2 3 4 5 |  5.2
Necromancy     | 1 2 3 4 5 |  5.2
Translocations | 1 2 3 4 5 |  5.2
Transmutations | 1 2 3 4 5 |  5.2
Fire Magic     | 1 2 3 4 5 |  5.2
Ice Magic      | 1 2 3 4 5 |  5.2
Air Magic      | 1 2 3 4 5 |  5.2
Earth Magic    | 1 2 3 4 5 |  5.2
Poison Magic   | 1 2 3 4 5 |  5.2
Evocations     | 1 2 3 4 5 6 |  6.2
Shapeshifting  | 1 2 3 4 5 |  5.7
Fighting       | 5 6 7 |  7.8
Throwing       | 5 6 7 |  7.8
Axes           | 7 8 9 |  9.1
Dodging        | 7 8 9 |  9.1

Action                     |  1- 3 |  4- 6 |  7- 9 | 10-12 || total
---------------------------+-------+-------+-------+-------++-------
  Melee: War axe           |    62 |    19 |       |       ||    81
         Punch             |     2 |     1 |    16 |    17 ||    36
         Bite              |     4 |    11 |    50 |    49 ||   114
         Short sword       |       |    43 |   256 |   221 ||   520
         Dagger            |       |     4 |    89 |   144 ||   237
         Battleaxe         |       |       |       |     9 ||     9
  Throw: Stone             |     2 |       |       |       ||     2
         Javelin           |     1 |     1 |       |     4 ||     6
         Throwing net      |     1 |     1 |       |       ||     2
         Dart              |       |       |    22 |     9 ||    31
         Boomerang         |       |       |       |    19 ||    19
  Evoke: Wand              |       |       |     6 |     3 ||     9
    Use: Scroll            |       |       |       |    12 ||    12
   Stab: Distracted        |     1 |       |       |     2 ||     3
         Held in net/web   |     2 |     1 |       |       ||     3
         Paralysed         |       |       |     6 |     7 ||    13
 Armour: Leather armour    |    15 |       |       |       ||    15
         Ring mail         |     6 |     7 |       |       ||    13
         Robe              |       |    11 |       |       ||    11
         Scale mail        |       |     5 |    56 |       ||    61
         Chain mail        |       |       |   174 |   228 ||   402
  Dodge: Dodged            |    41 |    38 |   143 |   123 ||   345

Table legend: (Time is in decaauts)
 A = Elapsed time spent in this place.
 B = Non-inter-level travel time spent in this place.
 C = Inter-level travel time spent in this place.
 D = Time resting spent in this place.
 E = Time spent auto-exploring this place.
 F = Levels seen in this place.
 G = Mean time per level.
                   A        B        C        D        E       F      G
               +--------+--------+--------+--------+--------+-----+--------+
         Total |  10864 |  10388 |    476 |    378 |   8330 |   9 | 1207.1 |
       Dungeon |  10864 |  10388 |    476 |    378 |   8330 |   9 | 1207.1 |
               +--------+--------+--------+--------+--------+-----+--------+

Top non-repeatable levels by time:
     D:4: 1833 daAuts
     D:8: 1564 daAuts
     D:5: 1491 daAuts
     D:6: 1278 daAuts
     D:7: 1266 daAuts
     D:2: 1226 daAuts
     D:9: 811 daAuts
     D:1: 696 daAuts
     D:3: 695 daAuts

Levels and vault maps discovered:
D:1:      psy_arrival_radial01, layout_rooms
D:2:      layout_basic, chequers_ecumenical_altar_island,
          minmay_indecisive_spiral
D:3:      layout_rooms, hangedman_decor_points, st_stairs_5, uniq_sigmund
D:4:      layout_basic, uniq_ijyb, uniq_edmund, uniq_eustachio, uniq_menkaure
D:5:      layout_loops_cross, dreamdust_divine_triumvirate,
          nicolae_grassy_gnolls, uniq_prince_ribbit1, uniq_grinder,
          uniq_crazy_yiuf_cottage
D:6:      layout_basic, nicolae_gozag_cash_rules_everything_around_me,
          marbit_many_paths, vehumet_crystals, kennysheep_little_box,
          minmay_temple_entry_stoned_glass, sword_in_stone
D:7:      layout_loops_cross, nemelex_spade_bored_becter
D:8:      layout_loops_ring, okawaru_altar_gauntlet_db, uniq_joseph
D:9:      minmay_the_grid_triangle_9x9_recursive_2_mashed
          [minmay_the_grid_triangle_9x9_prize_special,
          minmay_the_grid_triangle_9x9_pentomino_pain,
          minmay_the_grid_triangle_9x9_empty,
          minmay_the_grid_triangle_9x9_cache], layout_stronghold,
          chequers_temple_overflow_minitemple, orc_0_dummy, serial_shops, shop,
          nicolae_the_louvre, uniq_harold
